 Dungeon Crawl Stone Soup version 0.31-a0-229-g1fc7ce93e2 (webtiles) character file.

Game seed: 11976045046494621355

230 qw the Shooter (level 5, 0/45 HPs)
             Began as a Minotaur Hexslinger on July 6, 2023.
             Slain by an orc priest
             ... wielding a +0 dagger
              (3 damage)
             ... on level 4 of the Dungeon.
             The game lasted 00:01:14 (2951 turns).

qw the Shooter (Minotaur Hexslinger)                Turns: 2951, Time: 00:01:14

Health: 0/45       AC:  3    Str: 12    XL:     5   Next: 72%
Magic:  5/5        EV: 12    Int: 10    God:
Gold:   193        SH:  0    Dex: 15    Spells: 5/6 levels left

rFire   . . .        Y - +1 sling
rCold   . . .        (no shield)
rNeg    . . .        d - +1 robe "Doux" {rPois}
rPois   +            (helmet restricted)
rElec   .            (no cloak)
rCorr   .            (no gloves)
SInv    .            (no boots)
Will    .....        j - amulet of the acrobat
Stlth   +            (no ring)
HPRegen 0.27/turn    (no ring)
MPRegen 0.09/turn

%: acrobat
@: no status effects
A: horns 2, retaliatory headbutt
a: no special abilities


You were on level 4 of the Dungeon.
You visited 1 branch of the dungeon, and saw 4 of its levels.

You collected 193 gold pieces.


Innate Abilities, Weirdness & Mutations

You have a pair of horns on your head.
You reflexively headbutt those who attack you in melee.


   Skills:
 - Level 3.5 Fighting
 + Level 5.8 Ranged Weapons
 - Level 2.1 Dodging
 - Level 1.0 Spellcasting
 - Level 2.0 Hexes


You had 5 spell levels left.
You knew the following spells:

 Your Spells              Type           Power      Damage    Failure   Level
a - Slow                  Hex            16%        N/A       16%         1

Your spell library contained the following spells:

 Spells                   Type           Power      Damage    Failure   Level
 Inner Flame              Hex/Fire       2%         N/A       56%         3
 Portal Projectile        Hex/Tloc       4%         N/A       56%         3
 Cause Fear               Hex            2%         N/A       83%         4

Inventory:

Hand Weapons
 Y - a +1 sling (weapon)
Armour
 a - a +0 ring mail
 d - the +1 robe "Doux" (worn) {rPois}
   (You found it on level 2 of the Dungeon)

   rPois:     It protects you from poison.
Jewellery
 j - an amulet of the acrobat (around neck)
Scrolls
 c - a scroll of amnesia {unknown}
 f - a scroll of identify
Potions
 b - a potion of might {unknown}
 e - a potion of haste
 g - a potion of heal wounds {unknown}
 h - 2 potions of curing
 k - a potion of enlightenment {unknown}

Dungeon Overview and Level Annotations

Branches:
Dungeon (4/15)
 Temple: D:4-7

Altars:
Cheibriados

Annotations:
D:3 1 runed translucent door, Crazy Yiuf


Message History

You shoot a sling bullet.
The sling bullet closely misses the gnoll.
The gnoll barely misses you.
An orc priest comes into view. It is wielding a +0 dagger.
You shoot a sling bullet. The orc priest shouts!
The sling bullet hits the gnoll.
The gnoll is almost dead.
The gnoll hits you from afar with a +0 spear.
2945 ||| Stepping ~*~*~tactically~*~*~ (outnumbered).
The gnoll completely misses you.
You shoot a sling bullet. The sling bullet hits the gnoll.
The gnoll is lightly wounded.
The gnoll completely misses you. The gnoll hits you with a +0 club.
You shoot a sling bullet.
The sling bullet barely misses the gnoll.
The gnoll barely misses you. You furiously retaliate!
You headbutt the gnoll.
The gnoll hits you from afar with a +0 spear.
The gnoll hits you from afar with a +0 halberd!
The gnoll closely misses you. You furiously retaliate!
You headbutt the gnoll!
You kill the gnoll!
The gnoll hits you from afar with a +0 spear.
The gnoll hits you from afar with a +0 halberd.
The gnoll hits you from afar with a +0 spear.
You shoot a sling bullet. The sling bullet hits the gnoll.
You kill the gnoll!
The gnoll hits you from afar with a +0 spear.
The gnoll misses you.
You shoot a sling bullet.
The sling bullet completely misses the gnoll.
The gnoll barely misses you. x2
You shoot a sling bullet. The sling bullet hits the orc.
The orc is heavily wounded.
The gnoll hits you from afar with a +0 spear.
The gnoll hits you from afar with a +0 halberd!
You shoot a sling bullet.
The sling bullet closely misses the orc.
The gnoll hits you but does no damage. The orc hits you with a +0 whip.
The orc priest hits you with a +0 dagger.
You die...

....##...........#.....
...................#...
....#...........#....##
................##.## .
..............###..# ..#
##............#....#
##).#.g)g...............
#.....)o..............<.
#......@o#...##.....?..<
..#.####................
...#...............)##...
...........##........####.
............#.............
............#.............
............#.........####
............#...........#
............###########.#


You could see an orc priest, 2 gnolls and an orc.

Vanquished Creatures
  An iguana (D:4)
  An orc wizard (D:3)
  2 gnolls (D:4)
  7 adders
  A worm (D:3)
  3 dart slugs
  5 orcs
  10 endoplasms
  2 giant cockroaches (D:2)
  8 goblins
  3 hobgoblins
  4 jackals (D:1)
  12 kobolds
  A quokka (D:3)
  8 ball pythons
  3 bats
  4 frilled lizards
  9 rats
84 creatures vanquished.

Notes
Turn   | Place    | Note
-------+----------+-------------------------------------------
     0 | D:1      | qw the Minotaur Hexslinger began the quest for the Orb.
     0 | D:1      | Reached XP level 1. HP: 16/16 MP: 1/1
     0 | D:1      | 0 ||| qw: Version: 0.3-a-46-gb1f654a
     0 | D:1      | 0 ||| qw: Game counter: 1183
     0 | D:1      | 0 ||| qw: Melee chars always use a shield: true
     0 | D:1      | 0 ||| qw: God list: Okawaru
     0 | D:1      | 0 ||| qw: Allow faded altars: false
     0 | D:1      | 0 ||| qw: Do Orc after clearing Dungeon:15 true
     0 | D:1      | 0 ||| qw: Do second Lair branch before Depths: true
     0 | D:1      | 0 ||| qw: Lair rune preference: random
     0 | D:1      | 0 ||| qw: Goals: Normal
     0 | D:1      | 0 ||| PLANNING D:1-11
   106 | D:1      | Reached skill level 3 in Ranged Weapons
   129 | D:1      | Reached XP level 2. HP: 23/23 MP: 2/2
   394 | D:1      | 394 ||| FLEEEEING.
   395 | D:1      | 395 ||| FLEEEEING.
   396 | D:1      | 396 ||| FLEEEEING.
   397 | D:1      | 397 ||| FLEEEEING.
   398 | D:1      | 398 ||| FLEEEEING.
   399 | D:1      | 399 ||| FLEEEEING.
   400 | D:1      | 400 ||| FLEEEEING.
   401 | D:1      | 401 ||| FLEEEEING.
   402 | D:1      | 402 ||| FLEEEEING.
   403 | D:1      | 403 ||| FLEEEEING.
   404 | D:1      | 404 ||| FLEEEEING.
   405 | D:1      | 405 ||| FLEEEEING.
   406 | D:1      | 406 ||| FLEEEEING.
   407 | D:1      | 407 ||| FLEEEEING.
   606 | D:1      | Reached XP level 3. HP: 29/29 MP: 3/3
   778 | D:1      | 778 ||| READING scroll labelled QAYCZU GIXKAU.
   779 | D:1      | 779 ||| READING 2 scrolls labelled DEXENA HUQOEFF.
   780 | D:1      | 780 ||| READING scroll labelled IKKOAT SAS SOPIBB.
   784 | D:1      | 784 ||| DROPPING scroll of poison.
   785 | D:1      | 785 ||| DROPPING scroll of fog.
   860 | D:2      | Reached skill level 4 in Ranged Weapons
   908 | D:2      | Reached XP level 4. HP: 36/36 MP: 4/4
  1023 | D:2      | 1023 ||| Stepping ~*~*~tactically~*~*~ (outnumbered).
  1091 | D:2      | Identified the +1 robe "Doux" {rPois}
  1109 | D:2      | Reached skill level 5 in Ranged Weapons
  1209 | D:2      | 1209 ||| UPGRADING to +0 ring mail.
  1219 | D:2      | 1219 ||| DROPPING +0 robe.
  1220 | D:2      | 1220 ||| UPGRADING to +1 robe "Doux" {rPois}.
  1230 | D:2      | 1230 ||| READING scroll labelled SIATUU CIGUNT.
  1231 | D:2      | 1231 ||| DRINKING 2 fuming black potions.
  1304 | D:3      | Found a snail-covered altar of Cheibriados.
  1532 | D:3      | Found a runed translucent door.
  1533 | D:3      | Noticed Crazy Yiuf
  2031 | D:3      | 2031 ||| UPGRADING to amulet of the acrobat.
  2036 | D:3      | 2036 ||| READING scroll labelled NAFETZ QYET.
  2037 | D:3      | 2037 ||| READING scroll labelled ZIGIT VUEJE.
  2038 | D:3      | 2038 ||| READING scroll labelled PIYWUR IMEOC.
  2039 | D:3      | 2039 ||| READING 2 scrolls of identify.
  2039 | D:3      | 2039 ||| IDENTIFYING sapphire potion
  2093 | D:4      | 2093 ||| FLEEEEING.
  2094 | D:4      | 2094 ||| STAIRDANCE
  2279 | D:4      | Reached skill level 3 in Fighting
  2279 | D:4      | Reached XP level 5. HP: 37/45 MP: 5/5
  2419 | D:4      | 2419 ||| FLEEEEING.
  2420 | D:4      | 2420 ||| FLEEEEING.
  2421 | D:4      | 2421 ||| FLEEEEING.
  2422 | D:4      | 2422 ||| FLEEEEING.
  2423 | D:4      | 2423 ||| FLEEEEING.
  2424 | D:4      | 2424 ||| FLEEEEING.
  2425 | D:4      | 2425 ||| FLEEEEING.
  2426 | D:4      | 2426 ||| FLEEEEING.
  2427 | D:4      | 2427 ||| FLEEEEING.
  2428 | D:4      | 2428 ||| FLEEEEING.
  2429 | D:4      | 2429 ||| STAIRDANCE
  2525 | D:3      | 2525 ||| READING scroll labelled WASEIGHIETZ.
  2581 | D:4      | 2581 ||| STAIRDANCE
  2594 | D:3      | HP: 11/45 [something (2)]
  2939 | D:4      | 2939 ||| Stepping ~*~*~tactically~*~*~ (outnumbered).
  2945 | D:4      | 2945 ||| Stepping ~*~*~tactically~*~*~ (outnumbered).
  2950 | D:4      | HP: 7/45 [gnoll/+0 halberd (10)]
  2951 | D:4      | HP: 3/45 [orc/+0 whip (5)]
  2951 | D:4      | Slain by an orc priest

Levels and vault maps discovered:
D:1:      dpeg_arrival_prison, layout_loops_cross
D:2:      layout_basic
D:3:      layout_basic, mainiacjoe_overflow_concentric_impassable,
          uniq_crazy_yiuf_cottage
D:4:      layout_rooms, bloody_trog

Skill      XL: |  1  2  3  4 |
---------------+-------------+-----
Ranged Weapons | 3 4 5 |  5.8
Fighting       | 2 3 |  3.5
Dodging        | |  2.1
Spellcasting   | |  1.0
Hexes          | |  2.0

Action                     |  1- 3 |  4- 6 || total
---------------------------+-------+-------++-------
   Fire: Sling             |   107 |   156 ||   263
    Use: Scroll            |     3 |     6 ||     9
         Potion            |       |     1 ||     1
 Armour: Robe              |     9 |    16 ||    25
  Dodge: Dodged            |    28 |    38 ||    66

Table legend:
 A = Non-vault XP
 B = Vault XP
 C = Vault XP percentage of total XP
 D = Non-vault monster count
 E = Vault monster count
 F = Vault count percentage of total count
                 A         B        C        D         E       F
            +---------+---------+-------+---------+---------+-------
      Total |     325 |       4 |   1.2 |      80 |       4 |   4.8
            +---------+---------+-------+---------+---------+-------
        D:1 |      39 |       4 |   9.3 |      26 |       4 |  13.3
        D:2 |      98 |       0 |   0.0 |      23 |       0 |   0.0
        D:3 |      62 |       0 |   0.0 |      13 |       0 |   0.0
        D:4 |     126 |       0 |   0.0 |      18 |       0 |   0.0
            +---------+---------+-------+---------+---------+-------
